AoeStats
← Bora

Black Forest

509269948Analyzed
3v3 RM · 7d ago on Sep 26, 2026· 91m 3s· 6 players
Game mode
Random Map
Map size
Normal (6 player)
Population
200
Speed
Normal
Resources
Standard
Victory
Conquest
Starting age
Dark Age
Ending age
Imperial Age
RankedLock teamsTeams togetherTeam positionsShared explorationLock speedFull tech treeHidden civsTurbo modeCheats
Victory
Defeat
🇺🇸 Slavs · United States
969
+11
🇺🇸 Maya · United States
897
+14
🇺🇸 Inca · United States
888
+14
🇰🇷 Teutons · South Korea
891
-14
🇵🇪 Byzantines · Peru
858
-13
🇦🇷 Turks · Argentina
820
-12
changlee8
0:32 Loom
5:03 Loom
17:37 Feudal Age
18:09 Horse Collar
18:15 Town Watch
18:22 Double-Bit Axe
19:42 Gold Mining
19:44 Stone Mining
23:00 Arson
25:46 Castle Age
24:45 Wheelbarrow
24:51 Fletching
25:12 Forging
26:15 Scale Mail Armor
26:15 Padded Archer Armor
26:21 Scale Barding Armor
27:17 Bow Saw
27:43 Caravan
28:17 Fervor
30:14 Heavy Plow
31:21 Stone Shaft Mining
34:16 Imperial Age
32:36 Bodkin Arrow
33:17 Iron Casting
33:35 Chain Mail Armor
34:22 Leather Archer Armor
33:30 Man-at-Arms
33:56 Gambesons
35:13 Ballistics
35:06 Town Patrol
36:19 Crop Rotation
36:26 Sanctity
37:29 Chemistry
38:13 Blast Furnace
38:29 Crenellations
38:10 Long Swordsman
39:36 Hand Cart
39:09 Two-Handed Swordsman
41:14 Bloodlines
41:44 Pikeman
42:25 Squires
41:46 Champion
41:52 Elite Skirmisher
43:45 Two-Man Saw
43:26 Plate Mail Armor
43:05 Cavalier
44:40 Chain Barding Armor
44:50 Ring Archer Armor
44:33 Masonry
45:48 Heavy Scorpion
45:54 Halberdier
47:31 Plate Barding Armor
49:16 Hoardings
56:30 Paladin
56:36 Elite Teutonic Knight
59:09 Crenellations
59:12 Ironclad
88:14 Onager
Atila
0:26 Loom
14:37 Feudal Age
16:14 Wheelbarrow
15:25 Horse Collar
15:33 Double-Bit Axe
23:15 Castle Age
21:22 Stone Mining
21:27 Gold Mining
24:43 Heavy Plow
24:57 Bow Saw
30:26 Imperial Age
29:38 Fletching
32:07 Fortified Wall
32:09 Pikeman
32:49 Squires
33:18 Scale Mail Armor
33:29 Forging
33:48 Conscription
35:15 Chemistry
35:36 Crop Rotation
36:02 Bodkin Arrow
36:43 Iron Casting
36:24 Chain Mail Armor
36:52 Hand Cart
38:06 Bracer
38:16 Caravan
40:50 Two-Man Saw
40:24 Plate Mail Armor
40:09 Elite Skirmisher
40:22 Onager
40:40 Halberdier
41:07 Arson
49:38 Hoardings
54:37 Bombard Tower
54:38 Ballistics
56:28 Padded Archer Armor
Wisdoor
5:43 Loom
7:05 Loom
10:07 Feudal Age
15:00 Wheelbarrow
15:33 Double-Bit Axe
18:07 Castle Age
16:27 Horse Collar
17:49 Gold Mining
19:39 Stone Mining
19:59 Heavy Plow
22:14 Bow Saw
26:49 Hand Cart
31:25 Imperial Age
30:23 Fervor
32:37 Gold Shaft Mining
32:26 Ballistics
33:28 Elite Janissary
35:20 Two-Man Saw
35:10 Artillery
35:32 Sipahi
35:35 Padded Archer Armor
35:25 Fletching
36:21 Parthian Tactics
38:11 Leather Archer Armor
37:52 Bodkin Arrow
37:56 Heavy Cavalry Archer
41:46 Thumb Ring
45:16 Caravan
55:48 Guilds
56:19 Ring Archer Armor
56:03 Bracer
Workmode
0:27 Loom
14:23 Feudal Age
18:17 Castle Age
16:54 Double-Bit Axe
17:01 Horse Collar
17:38 Stone Mining
18:12 Gold Mining
19:56 Wheelbarrow
20:01 Heavy Plow
21:37 Bow Saw
31:28 Imperial Age
29:50 Detinets
30:43 Hand Cart
32:15 Scale Barding Armor
32:21 Forging
32:24 Bloodlines
32:14 Husbandry
31:38 Elite Boyar
33:25 Gold Shaft Mining
33:22 Crop Rotation
34:19 Two-Man Saw
35:02 Conscription
35:20 Chain Barding Armor
35:35 Iron Casting
36:56 Plate Barding Armor
38:35 Blast Furnace
37:41 Squires
37:54 Siege Engineers
38:50 Chemistry
38:02 Masonry
38:13 Ballistics
37:49 Murder Holes
37:59 Caravan
38:10 Druzhina
38:15 Onager
39:56 Siege Onager
41:07 Scale Mail Armor
40:58 Fletching
41:44 Hoardings
42:17 Devotion
45:25 Faith
44:42 Pikeman
51:14 Halberdier
72:05 Chain Mail Armor
GodLyCrisCo
0:31 Loom
15:50 Feudal Age
19:59 Castle Age
18:17 Double-Bit Axe
19:33 Stone Mining
25:32 Elite Skirmisher
34:11 Imperial Age
32:10 Masonry
32:48 Fortified Wall
33:00 Ballistics
33:57 Stone Shaft Mining
35:14 Wheelbarrow
34:43 Fletching
36:27 Gold Mining
37:00 Conscription
36:47 Padded Archer Armor
37:10 Thumb Ring
40:54 Bodkin Arrow
42:29 Chemistry
42:01 Architecture
41:26 Murder Holes
41:32 Crossbowman
42:23 Bracer
43:36 Hul'che Javelineers
44:34 Leather Archer Armor
44:29 Pikeman
45:10 Squires
54:26 Elite Plumed Archer
54:40 Arbalester
55:28 Eagle Warrior
56:46 Ring Archer Armor
56:27 Forging
56:18 Scale Mail Armor
59:06 Caravan
Bora
0:27 Loom
12:45 Feudal Age
14:51 Double-Bit Axe
24:11 Castle Age
25:47 Thumb Ring
26:33 Wheelbarrow
26:27 Bow Saw
27:55 Fletching
28:19 Forging
29:21 Elite Skirmisher
29:32 Champi Runner
30:05 Horse Collar
30:15 Arson
32:11 Hand Cart
32:59 Town Watch
34:08 Caravan
34:32 Gold Mining
34:33 Stone Mining
35:15 Treadmill Crane
35:57 Ballistics
35:49 Fortified Wall
36:39 Heavy Plow
40:28 Imperial Age
38:48 Redemption
40:28 Iron Casting
39:53 Scale Mail Armor
41:33 Sanctity
41:48 Block Printing
41:59 Illumination
41:35 Devotion
41:37 Town Patrol
42:40 Conscription
43:51 Blast Furnace
43:06 Chain Mail Armor
42:57 Pikeman
43:37 Squires
46:04 Elite Kamayuk
47:59 Andean Sling
48:00 Fabric Shields
51:29 Theocracy
55:40 Plate Mail Armor
55:01 Fletching
55:11 Padded Archer Armor
63:46 Bodkin Arrow
67:01 Halberdier
68:07 Arrowslits
69:22 Chemistry
68:32 Siege Engineers
70:12 Onager
73:06 Bracer
73:21 Leather Archer Armor
89:48 Crop Rotation
89:53 Gold Shaft Mining
Connection lost

Rejoining the realm…

Still unreachable

The connection could not be restored.

Session expired

The server has moved on; the page needs a fresh start.